 Dungeon Crawl Stone Soup version 0.20-a0-309-gcba9277 (webtiles) character file.

4165 tsouns the Thaumaturge (level 10, -10/63 HPs)
             Began as a Demonspawn Wanderer on Dec 18, 2016.
             Was a Priest of Makhleb.
             Mangled by a two-headed ogre
             ... wielding a +0 giant spiked club
              (18 damage)
             ... on level 8 of the Dungeon.
             The game lasted 00:39:40 (10751 turns).

tsouns the Thaumaturge (Demonspawn Wanderer)       Turns: 10751, Time: 00:39:40

Health: -10/63     AC:  8    Str: 11    XL:     10   Next: 7%
Magic:  5/22       EV: 11    Int: 20    God:    Makhleb [***...]
Gold:   363        SH:  0    Dex: 15    Spells: 11/26 levels left

rFire  . . .     SeeInvis .     H - +1 dagger (venom)
rCold  . . .     Gourm    .     c - +0 robe
rNeg   . . .     Faith    +     (no shield)
rPois  .         Spirit   .     (helmet restricted)
rElec  .         Reflect  .     u - +0 cloak
rCorr  .         Harm     .     h - +1 pair of gloves
MR     .....                    (no boots)
Stlth  +++.......               n - amulet of faith
                                o - ring of stealth
                                e - +4 ring of dexterity

@: no status effects
A: antennae 2, yellow scales 2, MP-powered wands
a: Minor Destruction, Lesser Servant of Makhleb, Renounce Religion


You were on level 8 of the Dungeon.
You worshipped Makhleb.
Makhleb was most pleased with you.
You were hungry.

You visited 2 branches of the dungeon, and saw 9 of its levels.

You collected 363 gold pieces.

Inventory:

Hand Weapons
 d - a +1 falchion of electrocution
 m - a +2 short sword of venom
 w - a +4 flail of crushing
 E - a +0 short sword of draining
 H - a +1 dagger of venom (weapon)
Missiles
 l - 128 stones (quivered)
 r - 15 tomahawks
Armour
 c - a +0 robe (worn)
 g - a +0 leather armour of cold resistance
 h - a +1 pair of gloves (worn)
 u - a +0 cloak (worn)
 F - the +9 plate armour of Gozag's Whim {*Contam rC++}
   (You found it on level 7 of the Dungeon)

   It greatly protects you from cold.
   It causes magical contamination when unequipped.
Jewellery
 e - a +4 ring of dexterity (left hand)
 n - an amulet of faith (around neck)
 o - a ring of stealth (right hand)
Wands
 t - a wand of iceblast (0/15)
 y - a wand of random effects (13/48)
 B - a wand of digging (10/24)
 L - a wand of digging (14/24)
Scrolls
 b - 3 scrolls of teleportation
 i - 2 scrolls of remove curse
 k - 2 scrolls of immolation
 q - a scroll of recharging
 x - 2 scrolls of fear
 G - a scroll of amnesia
Potions
 p - 5 potions of flight
 s - a potion of lignification
 z - 2 potions of brilliance
 A - a potion of berserk rage
 C - 3 potions of might
 D - 2 potions of magic
 I - 2 potions of heal wounds {unknown}
Books
 a - a book of Geomancy

   Spells                             Type                      Level
   a - Sandblast                      Earth                        1
   b - Passwall                       Transmutation/Earth          2
   c - Stone Arrow                    Conjuration/Earth            3
   d - Petrify                        Transmutation/Earth          4
   e - Lee's Rapid Deconstruction     Earth                        5
 v - a book of Misfortune

   Spells                             Type                      Level
   a - Confusing Touch                Hexes                        1
   b - Confuse                        Hexes                        3
   c - Gell's Gravitas                Hexes/Translocation          3
   d - Petrify                        Transmutation/Earth          4
   e - Metabolic Englaciation         Hexes/Ice                    5
   f - Yara's Violent Unravelling     Hexes/Transmutation          5
Comestibles
 f - 5 bread rations
 j - 3 meat rations
 K - 2 fruits


   Skills:
 - Level 2.2 Short Blades
 - Level 3.2 Stealth
 + Level 8.8 Spellcasting
 - Level 5.7 Conjurations
   Level 1.7 Translocations
 + Level 3.6 Transmutations
   Level 1.0 Air Magic
 + Level 7.6 Earth Magic


You had 11 spell levels left.
You knew the following spells:

 Your Spells              Type           Power        Failure   Level  Hunger
a - Sandblast             Erth           #####.       1%          1    None
b - Passwall              Tmut/Erth      ####......   1%          2    None
c - Stone Arrow           Conj/Erth      #####.       1%          3    None
d - Petrify               Tmut/Erth      ####....     10%         4    ###....
e - Lee's Rapid Deconstr  Erth           #####.....   12%         5    #####..


Dungeon Overview and Level Annotations

Branches:
Dungeon (8/15)             Temple (1/1) D:5
   Lair: D:8-11

Altars:
Ashenzari
Cheibriados
Dithmenos
Elyvilon
Fedhas
Gozag
Hepliaklqana
Makhleb
Nemelex Xobeh
Okawaru
Qazlal
Ru
Trog
Uskayaw
Vehumet
Xom
Yredelemnul
Zin
The Shining One


Innate Abilities, Weirdness & Mutations

You have a pair of antennae on your head.
You are mostly covered in yellow scales. (AC +3)
You expend magic power (3 MP) to strengthen your wands.


Message History

Press: ? - help, Shift-Dir - straight line, f/p - two-headed ogre
Aim: a two-headed ogre, wielding a giant spiked club and a giant club (moderately wounded, poisoned)
The stone arrow hits the two-headed ogre.
The two-headed ogre is heavily wounded.
The two-headed ogre hits you with a giant spiked club!!
* * * LOW HITPOINT WARNING * * *
The two-headed ogre closely misses you.
Unknown command.
Things that are here:
a dagger; a kobold corpse You see here an arrow.
Casting: Stone Arrow
Confirm with . or Enter, or press ? or * to list all spells.
Aiming: Stone Arrow
Press: ? - help, Shift-Dir - straight line, f/p - two-headed ogre
Aim: a two-headed ogre, wielding a giant spiked club and a giant club (heavily wounded)
The stone arrow hits the two-headed ogre.
The two-headed ogre is severely wounded.
The two-headed ogre hits you with a giant spiked club!!
You die...

... ###..#...>.....#
##.# ##...##.#.#####.
#.# #..###..#.#
#.####.## #.##.#
##......# #.##.#
.......(####.##(#
###.....()(..##[# .
#..........##)#### .#
#......###...[@O.###.#
####(....######.##.....#
..(.###.........#..#..##
###..##.######..)...#..#
##.#..# ###..#.#.# ..#
#....# #...##.#..# ..#
#.!..## #.###..##.# ..
##.....# #....)## .. .
###...##........≈.....#


You could see a two-headed ogre.

Vanquished Creatures
  A two-headed ogre (D:8)
  2 hippogriffs (D:8)
  A hungry ghost (D:7)
  Edmund (D:5)
  Duvessa (D:6)
  3 orc warriors
  A black bear (D:7)
  An ice beast (D:6)
  4 centaurs
  2 ogres
  A big kobold (D:7)
  Blork the orc (D:4)
  2 bullfrogs (D:7)
  Dowan (D:6)
  2 scorpions
  A centaur zombie (D:7)
  4 howler monkeys
  2 crimson imps
  3 jellies
  7 orc priests
  A hound (D:6)
  3 bullfrog skeletons
  2 bullfrog zombies (D:6)
  2 iguanas
  8 orc wizards
  5 worker ants
  A hound skeleton (D:4)
  Robin (D:3)
  14 adders
  An ooze (D:7)
  An adder zombie (D:8)
  4 worms
  2 adder skeletons
  4 leopard geckos
  42 orcs
  13 bats
  6 giant cockroaches
  13 goblins
  6 hobgoblins
  10 jackals
  13 kobolds
  4 quokkas
  2 ball pythons
  3 frilled lizards
  A jackal skeleton (D:6)
  A leopard gecko zombie (D:8)
  7 rats
211 creatures vanquished.

Notes
Turn   | Place    | Note
-------+----------+-------------------------------------------
     0 | D:1      | tsouns the Demonspawn Wanderer began the quest for the Orb.
     0 | D:1      | tsouns set off with: a book of Geomancy, a potion of curing, a +0 robe, a +0 dagger, a bread ration
     0 | D:1      | Reached XP level 1. HP: 13/13 MP: 3/3
     2 | D:1      | Learned a level 1 spell: Sandblast
   534 | D:1      | Gained mutation: You are partially covered in yellow scales. (AC +2) [demonic ancestry]
   534 | D:1      | Reached XP level 2. HP: 16/19 MP: 0/5
   540 | D:1      | Reached skill level 1 in Earth Magic
   551 | D:1      | Learned a level 2 spell: Passwall
  1120 | D:2      | Gained mutation: You are mostly covered in yellow scales. (AC +3) [demonic ancestry]
  1120 | D:2      | Reached XP level 3. HP: 14/24 MP: 0/7
  1330 | D:2      | Reached skill level 3 in Spellcasting
  1630 | D:2      | Reached XP level 4. HP: 15/30 MP: 0/9
  2945 | D:3      | Learned a level 3 spell: Stone Arrow
  2971 | D:3      | Gained mutation: You have a pair of small antennae on your head. [demonic ancestry]
  2971 | D:3      | Reached XP level 5. HP: 16/35 MP: 1/10
  3412 | D:3      | Noticed Robin
  3445 | D:3      | Reached skill level 1 in Conjurations
  3778 | D:3      | Killed Robin
  4180 | D:3      | Reached skill level 4 in Spellcasting
  4552 | D:4      | Noticed Blork the orc
  4562 | D:4      | Killed Blork the orc
  4562 | D:4      | Reached XP level 6. HP: 33/41 MP: 12/12
  5378 | D:4      | Reached XP level 7. HP: 35/46 MP: 5/14
  5842 | D:4      | Reached skill level 5 in Spellcasting
  5992 | D:5      | Entered Level 5 of the Dungeon
  6131 | D:5      | Found a staircase to the Ecumenical Temple.
  6140 | Temple   | Entered the Ecumenical Temple
  6334 | Temple   | Became a worshipper of Makhleb the Destroyer
  6379 | D:5      | Noticed Edmund
  6400 | D:5      | Killed Edmund
  6400 | D:5      | Reached skill level 1 in Short Blades
  6884 | D:5      | Learned a level 4 spell: Petrify
  6890 | D:5      | Learned a level 5 spell: Lee's Rapid Deconstruction
  7052 | D:6      | Reached XP level 8. HP: 52/52 MP: 16/16
  7256 | D:6      | HP: 2/52 [ice beast (14)]
  7577 | D:6      | Reached skill level 6 in Spellcasting
  7592 | D:6      | Found a bloodstained altar of Trog.
  7914 | D:6      | Reached * piety under Makhleb
  8311 | D:7      | Reached skill level 5 in Earth Magic
  8388 | D:7      | Noticed Duvessa
  8388 | D:7      | Noticed Dowan
  8465 | D:6      | Killed Dowan
  8637 | D:6      | Killed Duvessa
  8702 | D:7      | Found a sparkling altar of Nemelex Xobeh.
  8707 | D:7      | Reached skill level 7 in Spellcasting
  9073 | D:7      | Gained mutation: You have a pair of antennae on your head. [demonic ancestry]
  9073 | D:7      | Reached XP level 9. HP: 31/57 MP: 20/20
  9147 | D:7      | Reached ** piety under Makhleb
  9161 | D:7      | Got a polished plate armour
  9172 | D:7      | Identified the +9 plate armour of Gozag's Whim {*Contam rC++} (You found it on level 7 of the Dungeon)
  9220 | D:7      | Gained mutation: You expend magic power (3 MP) to strengthen your wands. [mutagenic glow]
  9889 | D:8      | Noticed a two-headed ogre
  9894 | D:8      | Killed a two-headed ogre
  9894 | D:8      | Reached skill level 8 in Spellcasting
  9894 | D:8      | Reached skill level 5 in Conjurations
 10353 | D:8      | Reached *** piety under Makhleb
 10355 | D:8      | Noticed a two-headed ogre
 10650 | D:8      | Reached XP level 10. HP: 63/63 MP: 9/22
 10714 | D:8      | Found a stormy altar of Qazlal.
 10751 | D:8      | Mangled by a two-headed ogre

Vault maps used:
D:1:      dpeg_arrival_rooms_with_view
D:2:      serial_co_window_serial, co_window_of_opportunity_a,
          co_window_of_opportunity_a, co_window_corner_a, co_window_corner_a,
          co_window_corner_a, co_window_2corner, co_window_of_opportunity_b,
          co_window_broadway_b, co_window_cross_3, co_window_sun,
          co_window_paths_e, glass_columns_b, glass_columns_c, glass_columns_b
D:3:      first_bread, uniq_robin
D:4:      uniq_blork_the_orc
D:5:      uniq_edmund
D:6:      nicolae_overflow_crystal_walls
D:7:      nemelex_xobeh_ov_fountains_minmay, uniq_duvessa
D:8:      nicolae_qazlal_general_emergency
Temple:   eino_temple_scatter_basement

Skill      XL: |  1  2  3  4  5  6  7  8  9 |
---------------+----------------------------+-----
Earth Magic    | 1 2 3 4 6 7 |  7.6
Spellcasting   | 3 4 5 7 8 |  8.8
Conjurations   | 2 3 5 |  5.7
Stealth        | 3 |  3.2
Short Blades   | 2 |  2.2
Transmutations | 3 |  3.6
Translocations | |  1.7
Air Magic      | |  1.0

Action                   |  1- 3 |  4- 6 |  7- 9 | 10-12 || total
-------------------------+-------+-------+-------+-------++-------
Melee: Dagger            |    44 |       |    59 |    15 ||   118
       Short sword       |    35 |   155 |   150 |       ||   340
Throw: Stone             |       |     3 |       |       ||     3
 Cast: Sandblast         |    57 |    49 |    63 |     1 ||   170
       Stone Arrow       |       |       |    91 |     8 ||    99
       Petrify           |       |       |     2 |       ||     2
       Lee's Rapid Decon |       |       |     3 |       ||     3
Evoke: Wand              |       |       |     2 |       ||     2
  Use: Scroll            |     3 |     5 |    12 |       ||    20
       Potion            |     1 |     2 |     1 |       ||     4
 Stab: Sleeping          |     5 |     5 |     9 |       ||    19
       Petrified         |       |       |     6 |       ||     6
       Distracted        |       |       |     1 |       ||     1
  Eat: Chunk             |     3 |    10 |    13 |       ||    26
       Beef jerky        |       |     1 |       |       ||     1
       Bread ration      |       |       |     1 |       ||     1
       Pizza             |       |       |     1 |       ||     1
Armor: Robe              |    47 |    53 |    79 |     6 ||   185
Dodge: Dodged            |    69 |    89 |   164 |    12 ||   334
